 Dungeon Crawl Stone Soup version 0.25.1-8-g42b30a86e7 (webtiles) character file.

Game seed: 4703391914831509000

280 Gabide the Poker (level 6, -1/48 HPs)
             Began as a Human Abyssal Knight on Dec 4, 2020.
             Was a Priest of Lugonu.
             Splashed by Ijyb's acid (9 damage)
             ... on level 4 of the Dungeon.
             The game lasted 00:06:09 (3411 turns).

Gabide the Poker (Human Abyssal Knight)             Turns: 3411, Time: 00:06:10

Health: -1/48      AC: 16    Str: 14    XL:     6   Next: 52%
Magic:  8/8        EV:  6    Int: 12    God:    Lugonu [***...]
Gold:   182        SH:  0    Dex: 13    Spells: 5/5 levels left

rFire    . . .     SeeInvis .   a - +2 spear
rCold    . . .     Gourm    .   (no shield)
rNeg     . . .     Faith    .   k - +0 chain mail
rPois    .         Spirit   .   h - +0 helmet
rElec    .         Reflect  .   (no cloak)
rCorr    .         Harm     .   j - +0 pair of gloves
MR       .....                  s - +0 pair of boots {Fly}
Stlth    ..........             (no amulet)
HPRegen  0.16/turn              r - +4 ring of protection
MPRegen  0.11/turn              (no ring)

@: flying
A: no striking features
a: Depart the Abyss, Bend Space, Banish, Renounce Religion, Stop Flying


You were on level 4 of the Dungeon.
You worshipped Lugonu.
Lugonu was most pleased with you.
You were not hungry.

You visited 1 branch of the dungeon, and saw 4 of its levels.
You visited the Abyss 1 time.

You collected 182 gold pieces.

Inventory:

Hand Weapons
 a - a +2 spear (weapon)
Missiles
 p - 5 boomerangs (quivered)
 q - 3 poisoned darts
Armour
 h - a +0 helmet (worn)
 j - a +0 pair of gloves (worn)
 k - a +0 chain mail (worn)
 s - a +0 pair of boots of flying (worn)
Jewellery
 m - an uncursed ring of fire
 r - a +4 ring of protection (left hand)
Scrolls
 n - a scroll of teleportation
 u - a scroll of remove curse
Potions
 d - a potion of heal wounds {unknown}
 e - 2 potions of stabbing {unknown}
 g - 2 potions of brilliance {unknown}
 i - a potion of curing {unknown}
 l - a potion of magic {unknown}
 o - a potion of might {unknown}
 t - a potion of berserk rage {unknown}
Comestibles
 c - 9 rations


   Skills:
 + Level 4.0 Fighting
 + Level 4.1 Polearms
 + Level 0.3 Throwing
 + Level 3.0 Armour
 + Level 1.7 Dodging
 - Level 0.2 Stealth
 * Level 3.5 Invocations


You had 5 spell levels left.
You didn't know any spells.
Your spell library was empty.

Dungeon Overview and Level Annotations

Branches:
Dungeon (4/15)
 Temple: D:4-7

Altars:
Gozag

Annotations:
D:4 Ijyb


Message History

Ijyb screams, "I no like you!"
There is a stone staircase leading up here.
Throwing (i - inventory. (/) - cycle)
p - 5 boomerangs (quivered)
Press: ? - help, Shift-Dir - straight line, f - Ijyb
Aim: Ijyb, wearing a +0 scale mail and carrying a wand of acid (9)
You throw a boomerang. The boomerang barely misses Ijyb.
The boomerang barely misses the dart slug.
Ijyb zaps a wand.
The bolt of acid hits you.
You are splashed with acid!
Throwing (i - inventory. (/) - cycle)
p - 5 boomerangs (quivered)
Press: ? - help, Shift-Dir - straight line, f/p - Ijyb
Aim: Ijyb, wearing a +0 scale mail and carrying a wand of acid (8)
You throw a boomerang.
The boomerang hits Ijyb but does no damage.
You barely miss Ijyb.
Ijyb zaps a wand.
The bolt of acid hits you!
You are splashed with acid!
* * * LOW HITPOINT WARNING * * *
Ijyb zaps a wand.
The bolt of acid hits you.
* * * LOW HITPOINT WARNING * * *
You are splashed with acid!
You die...

........# ..
.......##..
#..........
#..(.......
..........
...w..#
#.g...#..
#@.......
...............
..............#
...........####
#..........#
##........##
##...(....
###..##.##


You could see Ijyb and a dart slug.

Vanquished Creatures
  A phantom (D:2)
  Terence (D:2)
  Natasha (D:2)
  Robin (D:2)
  5 adders
  2 leopard geckos (D:1)
  An orc (D:3)
  4 ball pythons
  9 bats
  3 giant cockroaches
  5 hobgoblins
  7 jackals (D:1)
  A quokka (D:3)
  8 frilled lizards
  15 goblins
  9 kobolds
  12 rats
85 creatures vanquished.

Notes
Turn   | Place    | Note
-------+----------+-------------------------------------------
     0 | Abyss:1  | Gabide the Human Abyssal Knight began the quest for the
                  | Orb.
     0 | Abyss:1  | Reached XP level 1. HP: 18/18 MP: 2/2
    62 | Abyss:1  | Noticed an iron imp
    62 | Abyss:1  | Noticed a smoke demon
    63 | D:1      | Escaped the Abyss
   318 | D:1      | Reached * piety under Lugonu
   318 | D:1      | Reached XP level 2. HP: 24/24 MP: 3/3
   513 | D:1      | Reached XP level 3. HP: 22/29 MP: 4/4
  1299 | D:2      | Reached ** piety under Lugonu
  1299 | D:2      | Reached XP level 4. HP: 31/36 MP: 5/5
  1585 | D:2      | Noticed a phantom
  1611 | D:2      | Killed a phantom
  1611 | D:2      | Reached XP level 5. HP: 22/42 MP: 7/7
  1955 | D:2      | Noticed Terence
  2000 | D:2      | Killed Terence
  2000 | D:2      | Reached XP level 6. HP: 25/48 MP: 8/8
  2262 | D:2      | Noticed Natasha
  2275 | D:2      | Killed Natasha
  2482 | D:2      | Noticed Robin
  2493 | D:2      | Killed Robin
  2652 | D:2      | Found an opulent altar of Gozag.
  3083 | D:3      | Reached *** piety under Lugonu
  3246 | D:4      | Noticed Ijyb
  3411 | D:4      | Splashed by Ijyb's acid

Illustrated notes

Levels and vault maps discovered:
D:1:      ebering_trefoil_twist, layout_loops_corners, minmay_circled_x
D:2:      layout_basic, nicolae_overflow_hidden_temple, uniq_natasha,
          uniq_terence, uniq_robin
D:3:      layout_rooms
D:4:      layout_cave_pools, first_ration, uniq_ijyb

Skill      XL: |  1  2  3  4  5  6 |
---------------+-------------------+-----
Polearms       | 3 4 |  4.1
Invocations    | 3 |  3.5
Fighting       | 4 |  4.0
Armour         | 3 |  3.0
Throwing       | |  0.3
Dodging        | |  1.7
Stealth        | |  0.2

Action                   |  1- 3 |  4- 6 || total
-------------------------+-------+-------++-------
Melee: Spear             |   137 |   231 ||   368
Throw: Boomerang         |       |    10 ||    10
Invok: Depart the Abyss  |     1 |       ||     1
  Use: Scroll            |     4 |     5 ||     9
  Eat: Chunk             |     1 |     7 ||     8
Armor: Leather armour    |     2 |       ||     2
       Ring mail         |    53 |    33 ||    86
       Chain mail        |       |    30 ||    30
Dodge: Dodged            |    85 |    69 ||   154
